 Dungeon Crawl Stone Soup version 0.30-a0-377-g5cb311bc9f (webtiles) character file.

Game seed: 3971736283766474627

2066 lesbiats the Trooper (level 9, -2/63 (94) HPs)
             Began as an Ogre Reaver on Nov 28, 2022.
             Was a Follower of Vehumet.
             Slain by a wight
             ... wielding a +3 mace
              (3 damage)
             ... on level 6 of the Dungeon on Dec 1, 2022.
             The game lasted 00:25:54 (6467 turns).

lesbiats the Trooper (Ogre Reaver)                  Turns: 6467, Time: 00:25:55

HP:   -2/63 (94)    AC:  9    Str: 22    XL:     9   Next: 26%
MP:   1/18          EV:  9    Int: 14    God:    Vehumet [*.....]
Gold: 308           SH:  0    Dex:  7    Spells: 14/21 levels left

rFire   . . .      SeeInvis +    F - +0 giant spiked club
rCold   + . .      Faith    .    (shield currently unavailable)
rNeg    . . .      Spirit   .    A - +2 robe {rC+}
rPois   .          Reflect  .    (helmet restricted)
rElec   .          Harm     .    (no cloak)
rCorr   .          Rampage  .    (gloves unavailable)
Will    .....                    (boots unavailable)
Stlth   +.........               (no amulet)
HPRegen 0.30/turn                k - ring of see invisible
MPRegen 0.16/turn                s - +4 ring of protection

@: immotile, very heavily drained
A: large, unfitting armour, tough skin 1
a: Renounce Religion


You were on level 6 of the Dungeon.
You worshipped Vehumet.
Vehumet was aware of your devotion.
You visited 2 branches of the dungeon, and saw 7 of its levels.

You collected 308 gold pieces.

Inventory:

Hand Weapons
 a - a +0 mace
 g - a +2 whip of draining
 F - a +0 giant spiked club (weapon)
Missiles
 h - 11 poisoned darts
 i - 5 curare-tipped darts
Armour
 A - a +2 robe of cold resistance (worn)
Jewellery
 k - a ring of see invisible (left hand)
 m - a +6 ring of dexterity
 r - a ring of resist corrosion
 s - a +4 ring of protection (right hand)
 y - a ring of ice
Wands
 b - a wand of polymorph (11)
 t - a wand of mindburst (11)
 z - a wand of flame (15)
Scrolls
 c - 7 scrolls of teleportation
 d - 2 scrolls of blinking {unknown}
 f - 2 scrolls of summoning {unknown}
 j - a scroll of poison {unknown}
 v - a scroll of amnesia {unknown}
 D - a scroll of noise {unknown}
 E - a scroll of immolation {unknown}
 G - a scroll of fog {unknown}
 H - a scroll of magic mapping {unknown}
Potions
 e - 3 potions of heal wounds
 l - a potion of berserk rage {unknown}
 n - 2 potions of magic
 o - 4 potions of mutation
 p - a potion of curing
 q - 3 potions of flight {unknown}
 u - 2 potions of haste
 w - 2 potions of might
 x - a potion of ambrosia {unknown}
 B - 3 potions of brilliance
 C - a potion of lignification {unknown}


   Skills:
 + Level 7.7 Fighting
 * Level 6.2 Maces & Flails
 - Level 1.7 Dodging
 + Level 6.5 Spellcasting
 + Level 6.5 Conjurations


You had 14 spell levels left.
You knew the following spells:

 Your Spells              Type           Power      Damage    Failure   Level
a - Kiss of Death         Conj/Necr      52%        2d9       4%          1
b - Momentum Strike       Conj/Tloc      26%        3d8       6%          2
c - Hailstorm             Conj/Ice       13%        3d5       12%         3
d - Magic Dart            Conj           88%        1d7       1%          1

Your spell library contained the following spells:

 Spells                   Type           Power      Damage    Failure   Level
 Necrotise                Necr           16%        1d4       16%         1
 Sting                    Tmut/Pois      16%        1d3       16%         1
 Poisonous Vapours        Pois/Air       8%         N/A       22%         2
 Confusing Touch          Hex            4%         N/A       41%         3
 Vampiric Draining        Necr           4%         2d6       41%         3
 Vhi's Electric Charge    Tloc/Air       8%         N/A       41%         3
 Arcjolt                  Conj/Air       6%         1d16      73%         5
 Dispel Undead            Necr           4%         3d7       83%         4
 Olgreb's Toxic Radiance  Pois           4%         N/A       83%         4
 Agony                    Necr           4%         N/A       99%         5
 Maxwell's Capacitive Co  Air            2%         ∞         100%        8


Dungeon Overview and Level Annotations

Branches:
Dungeon (6/15)             Temple (1/1) D:4

Altars:
Ashenzari
Cheibriados
Dithmenos
Elyvilon
Fedhas
Gozag
Makhleb
Nemelex Xobeh
Okawaru
Qazlal
Ru
Sif Muna
Trog
Uskayaw
Vehumet
Wu Jian
Xom
Yredelemnul
Zin
The Shining One


Innate Abilities, Weirdness & Mutations

You are too large for most types of armour.
You have tough skin. (AC +1)


Message History

The wight is lightly damaged.
The hail pelts the wight.
The wight partially resists.
The wight is moderately damaged.
You are no longer robbed of momentum.
Casting: Hailstorm (dangerous; 12% risk of failure)
Confirm with . or Enter, or press ? or * to list all spells.
Casting: Hailstorm (dangerous; 12% risk of failure)
Press: ? - help, Dir - look around, f - activate A cannonade of hail descends around you!
The hail pelts the wight.
The wight partially resists.
The wight is moderately damaged.
The hail misses the wight.
You hit the wight.
The wight is heavily damaged.
The wight hits you with a +0 morningstar.
The wight completely misses you.
You bludgeon the wight!!
You destroy the wight!
Vehumet accepts your kill. The wight hits you with a +3 war axe!
The wight hits you with a +3 war axe.
Casting: Hailstorm (dangerous; 12% risk of failure)
Confirm with . or Enter, or press ? or * to list all spells.
Aiming: Momentum Strike (safe; 6% risk of failure)
Press: ? - help, Dir - move target, f - wight
Aim: a wight, wielding a +3 mace and wearing a +0 robe (71% to hit)
The concentrated momentum hits the wight!
You are unable to move.
The wight hits you with a +3 mace!
You feel drained. The wight hits you with a +3 war axe.
You feel drained.
Unknown command.
You closely miss the wight.
The wight is almost destroyed.
The wight hits you with a +3 mace. The wight barely misses you.
You closely miss the wight.
The wight is almost destroyed.
The wight barely misses you.
The wight hits you with a +3 war axe! x2
* * * LOW HITPOINT WARNING * * *
The wight hits you with a +3 mace.
* * * LOW HITPOINT WARNING * * *
You feel drained.
You die...

.##........................#
...........................#
.........##......#.........#
....###...........#..#######
#..####.............##
..#.............>..##
..........#........#
......#............#####
..............)z@......#
...........#..)z..##....
...........#......# ....
#............)....# ...
#.................# #..
................##.
.......... .. .....##... ...


You could see 2 wights.

Vanquished Creatures
  Grinder (D:4)
  A steam dragon (D:6)
  Edmund (D:4)
  Pargi (D:4)
  2 black bears (D:5)
  An ogre (D:5)
  2 lemures (D:4)
  3 bullfrogs (D:6)
  3 necrophages
  3 scorpions
  2 wights (D:6)
  A gnoll bouda (D:6)
  4 hounds
  A jelly (D:5)
  3 iguanas
  Terence (D:2)
  Robin (D:2)
  6 gnolls
  4 adders
  2 ufetubi
  2 worms
  3 dart slugs
  6 orcs
  6 ball pythons
  8 endoplasms
  2 giant cockroaches
  16 goblins
  11 hobgoblins
  3 jackals (D:2)
  5 kobolds
  2 quokkas (D:2)
  5 bats
  4 frilled lizards (D:1)
  5 rats
121 creatures vanquished.

Vanquished Creatures (others)
  Pikel (D:4)
  Sigmund (D:4)
  2 orc wizards (D:6)
  An adder (D:6)
  An orc (D:6)
  A plant (D:1)
7 creatures vanquished.

Grand Total: 128 creatures vanquished

Notes
Turn   | Place    | Note
-------+----------+-------------------------------------------
     0 | D:1      | lesbiats the Ogre Reaver began the quest for the Orb.
     0 | D:1      | Reached XP level 1. HP: 22/22 MP: 3/3
   196 | D:1      | Reached skill level 3 in Fighting
   196 | D:1      | Reached XP level 2. HP: 9/31 MP: 5/5
   605 | D:1      | Reached XP level 3. HP: 32/37 MP: 7/7
   985 | D:2      | Learned a level 2 spell: Momentum Strike
   989 | D:2      | Learned a level 3 spell: Hailstorm
  1073 | D:2      | HP: 1/37 [poisoned by an adder]
  1084 | D:2      | HP: 1/37 [poisoned by an adder]
  1349 | D:2      | Noticed Robin
  1356 | D:2      | Killed Robin
  1357 | D:2      | Reached XP level 4. HP: 29/45 MP: 8/8
  1483 | D:2      | Noticed Terence
  1809 | D:2      | Killed Terence
  1810 | D:2      | Reached XP level 5. HP: 53/54 MP: 8/10
  2299 | D:3      | Reached skill level 4 in Fighting
  2451 | D:3      | Found a faded altar of an unknown god.
  2974 | D:4      | Noticed Grinder
  3052 | D:4      | Noticed a lemure
  3056 | D:4      | Noticed Pargi
  3070 | D:4      | Killed Pargi
  3071 | D:4      | Reached XP level 6. HP: 54/61 MP: 8/11
  3207 | D:4      | Noticed Pikel
  3232 | D:4      | Killed Pikel
  3233 | D:4      | Reached skill level 5 in Fighting
  3233 | D:4      | Reached skill level 5 in Conjurations
  3233 | D:4      | Reached XP level 7. HP: 57/72 MP: 7/13
  3861 | D:4      | Paralysed by Grinder for 3 turns
  3869 | D:4      | Paralysed by Grinder for 3 turns
  3881 | D:4      | Killed Grinder
  4043 | D:4      | Reached skill level 5 in Spellcasting
  4043 | D:4      | Reached XP level 8. HP: 77/83 MP: 15/15
  4082 | D:4      | Noticed Sigmund
  4084 | D:4      | Found a staircase to the Ecumenical Temple.
  4092 | Temple   | Entered the Ecumenical Temple
  4130 | Temple   | Became a worshipper of Vehumet
  4304 | D:4      | Killed Sigmund
  4305 | D:4      | Reached skill level 6 in Fighting
  4591 | D:4      | Noticed Edmund
  4613 | D:4      | Killed Edmund
  5025 | D:5      | Entered Level 5 of the Dungeon
  5041 | D:5      | Reached skill level 5 in Maces & Flails
  5421 | D:5      | Reached skill level 7 in Fighting
  5470 | D:5      | Found a white marble altar of Elyvilon.
  5490 | D:5      | Found a blossoming altar of Fedhas.
  5571 | D:5      | Found a burning altar of Makhleb.
  5621 | D:5      | Found an ornate altar of the Wu Jian Council.
  5622 | D:5      | Found a shimmering altar of Xom.
  5624 | D:5      | Found a broken altar of Ashenzari.
  5630 | D:5      | Found a sparkling altar of Nemelex Xobeh.
  6149 | D:6      | Reached XP level 9. HP: 61/83 MP: 4/18
  6455 | D:6      | Reached * piety under Vehumet
  6455 | D:6      | Offered knowledge of Magic Dart by Vehumet.
  6458 | D:6      | Learned a level 1 spell: Magic Dart
  6467 | D:6      | HP: 1/65 [wight/+3 mace (6)]
  6467 | D:6      | Slain by a wight

Illustrated notes

Levels and vault maps discovered:
D:1:      lightli_arrival_flooded_house, layout_loops_ring,
          minmay_misc_feat_cross, minmay_pentomino_r4
D:2:      wander_river, layout_basic, uniq_terence, uniq_robin
D:3:      layout_basic, shapermc_ecumenical_altar_starsandcircs,
          minmay_misc_feat_square
D:4:      layout_layer_cave, minmay_temple_entry_large_hall, uniq_sigmund,
          uniq_pikel, uniq_pargi, uniq_edmund, uniq_grinder
D:5:      layout_basic, bloody_makhleb, grunt_temple_overflow_open
D:6:      layout_rooms, minmay_between, uniq_eustachio
Temple:   nicolae_temple_ecumenical_triangle

Skill      XL: |  1  2  3  4  5  6  7  8  9 |
---------------+----------------------------+-----
Fighting       | 3 4 5 7 |  7.7
Maces & Flails | 3 4 5 6 |  6.2
Conjurations   | 3 4 5 6 |  6.5
Spellcasting   | 3 4 5 6 |  6.5
Dodging        | |  1.7

Action                   |  1- 3 |  4- 6 |  7- 9 || total
-------------------------+-------+-------+-------++-------
Melee: Mace              |   103 |    16 |       ||   119
       Whip              |       |   102 |   126 ||   228
       Punch             |       |     1 |     3 ||     4
       Giant spiked club |       |       |    46 ||    46
Throw: Dart              |       |    12 |    16 ||    28
 Cast: Momentum Strike   |       |     2 |    21 ||    23
       Kiss of Death     |       |     1 |     5 ||     6
       Hailstorm         |       |       |    10 ||    10
       Magic Dart        |       |       |     2 ||     2
Evoke: Wand              |       |       |     1 ||     1
  Use: Potion            |     2 |       |     1 ||     3
       Scroll            |       |     1 |     6 ||     7
Armor: Robe              |    33 |    38 |   100 ||   171
Dodge: Dodged            |    82 |    42 |   128 ||   252

Table legend: (Time is in decaauts)
 A = Elapsed time spent in this place.
 B = Non-inter-level travel time spent in this place.
 C = Inter-level travel time spent in this place.
 D = Time resting spent in this place.
 E = Time spent auto-exploring this place.
 F = Levels seen in this place.
 G = Mean time per level.
                   A        B        C        D        E       F      G
               +--------+--------+--------+--------+--------+-----+--------+
         Total |   6484 |   5945 |    539 |   1410 |   3177 |   7 |  926.3 |
       Dungeon |   6436 |   5905 |    531 |   1410 |   3168 |   6 | 1072.7 |
        Temple |     47 |     39 |      8 |      0 |      9 |   1 |   47.0 |
               +--------+--------+--------+--------+--------+-----+--------+

Top non-repeatable levels by time:
     D:4: 1955 daAuts
     D:2: 1149 daAuts
     D:5: 1057 daAuts
     D:1: 940 daAuts
     D:3: 934 daAuts
     D:6: 399 daAuts
  Temple: 47 daAuts
